AoeStats
← TAS69

Nomad

508687473Analyzed
4v4 RM · 8d ago on Sep 23, 2026· 57m 40s· 8 players
Game mode
Random Map
Map size
231×231
Population
200
Speed
Normal
Resources
Standard
Victory
Conquest
Starting age
Dark Age
Ending age
Imperial Age
RankedLock teamsTeams togetherTeam positionsShared explorationLock speedFull tech treeHidden civsTurbo modeCheats
Victory
Defeat
🇦🇷 Ethiopians · Argentina
1195
+13
🇿🇦 Persians · South Africa
1187
+14
🇨🇱 Chinese · Chile
1185
+14
🇧🇦 Saxons · Bosnia & Herzegovina
1171
+14
🇪🇸 Khmer · Spain
1174
-15
🇪🇸 Teutons · Spain
1149
-14
🇪🇸 Celts · Spain
1146
-14
🇪🇸 Huns · Spain
1080
-12
Bihorco
9:08 Loom
17:19 Feudal Age
17:55 Horse Collar
18:01 Double-Bit Axe
20:27 Man-at-Arms
20:53 Arson
26:01 Wheelbarrow
25:11 Town Watch
28:00 Fletching
28:11 Padded Archer Armor
28:14 Fishing Lines
Uhtred
5:27 Loom
14:57 Feudal Age
16:24 Double-Bit Axe
16:22 Horse Collar
19:59 Castle Age
21:04 Heavy Plow
21:21 Bow Saw
27:13 Wheelbarrow
26:24 Town Watch
28:25 Hand Cart
32:57 Imperial Age
30:39 Scale Barding Armor
31:25 Forging
31:31 Bloodlines
31:52 Husbandry
33:13 Chain Barding Armor
33:30 Iron Casting
32:33 Cavalier
34:23 Crop Rotation
34:25 Gold Mining
34:35 Savar
37:06 Plate Barding Armor
38:54 Blast Furnace
42:25 Heavy Camel Rider
44:46 Conscription
46:20 Light Cavalry
47:36 Fletching
49:50 Bodkin Arrow
49:56 Padded Archer Armor
52:11 Hussar
SeNSei;
3:51 Loom
16:33 Feudal Age
20:48 Castle Age
21:12 Double-Bit Axe
21:07 Horse Collar
22:24 Fletching
22:36 Padded Archer Armor
25:38 Bodkin Arrow
33:51 Wheelbarrow
33:28 Bow Saw
39:12 Town Watch
40:35 Ballistics
43:06 Leather Archer Armor
42:52 Scale Mail Armor
43:02 Forging
49:02 Imperial Age
46:47 Hand Cart
47:18 Forging
47:23 Chain Mail Armor
49:41 Town Patrol
51:04 Bracer
51:34 Ring Archer Armor
52:05 Chemistry
53:03 Elite Chu Ko Nu
55:23 Conscription
Concensus
5:57 Loom
16:06 Feudal Age
19:51 Castle Age
18:27 Double-Bit Axe
23:17 Squires
26:06 Imperial Age
25:07 Horse Collar
25:47 Bow Saw
27:21 Conscription
27:28 Squires
28:03 Scale Mail Armor
32:25 Chain Mail Armor
32:21 Forging
33:47 Arson
34:08 Royal Heirs
38:28 Plate Mail Armor
49:08 Iron Casting
52:29 Chemistry
55:43 Wheelbarrow
55:32 Halberdier
[VPKT] MeelTex
5:33 Loom
13:51 Feudal Age
15:12 Double-Bit Axe
21:38 Castle Age
29:43 Scale Mail Armor
30:20 Murder Holes
40:13 Imperial Age
37:57 Pikeman
38:55 Bow Saw
40:35 Chain Mail Armor
40:30 Forging
44:37 Wheelbarrow
43:37 Halberdier
46:43 Hand Cart
53:25 Plate Mail Armor
55:37 Iron Casting
[VPKT] Anteo
5:17 Loom
13:53 Feudal Age
18:57 Castle Age
16:47 Double-Bit Axe
22:29 Bow Saw
22:18 Demolition Ship
23:50 Wheelbarrow
27:59 Bloodlines
30:51 Scale Barding Armor
30:57 Forging
32:59 Fishing Lines
36:29 Iron Casting
45:12 Imperial Age
46:33 Scale Mail Armor
47:09 Iron Casting
47:58 Squires
48:28 Elite Teutonic Knight
49:55 Pikeman
50:33 Halberdier
52:37 Gillnets
53:48 Chain Mail Armor
VPKT malili
5:38 Loom
14:47 Feudal Age
20:12 Castle Age
24:36 Bloodlines
24:28 Husbandry
24:45 Forging
24:42 Scale Barding Armor
28:16 Wheelbarrow
27:30 Town Watch
33:20 Horse Collar
34:07 Heavy Plow
35:26 Iron Casting
38:21 Imperial Age
36:40 Chain Barding Armor
38:47 Double-Bit Axe
38:31 Cavalier
40:19 Blast Furnace
43:36 Plate Barding Armor
43:46 Bow Saw
46:53 Paladin
48:50 Conscription
TAS69
5:28 Loom
14:23 Feudal Age
19:02 Castle Age
17:05 Horse Collar
17:19 Gold Mining
17:58 Double-Bit Axe
19:08 Bloodlines
19:21 Stone Mining
19:40 Scale Barding Armor
24:12 Heavy Plow
25:42 Forging
27:28 Wheelbarrow
28:23 Chain Barding Armor
28:06 Husbandry
29:07 Bow Saw
30:25 Hand Cart
33:50 Imperial Age
33:00 Tusk Swords
34:21 Iron Casting
35:04 Conscription
36:44 Plate Barding Armor
38:33 Blast Furnace
37:34 Scale Mail Armor
37:12 Pikeman
38:57 Elite Battle Elephant
43:07 Chain Mail Armor
Connection lost

Rejoining the realm…

Still unreachable

The connection could not be restored.

Session expired

The server has moved on; the page needs a fresh start.